 Dungeon Crawl Stone Soup version 0.31-a0-960-g0fca184906 (webtiles) character file.

Game seed: 4172798513785845710

11655 BinkBink the Fighter (level 11, 0/89 HPs)
             Began as a Demonspawn Fighter on Oct 23, 2023.
             Was a High Priest of Okawaru.
             Slain by an elephant (8 damage)
             ... on level 1 of the Lair of Beasts.
             The game lasted 00:19:24 (13564 turns).

BinkBink the Fighter (Demonspawn Fighter)          Turns: 13564, Time: 00:19:26

Health: 0/89       AC: 13    Str: 26 (28) XL:     11   Next: 52%
Magic:  11/11      EV: 12    Int: 10      God:    Okawaru [*****.]
Gold:   781        SH: 12    Dex: 15      Spells: 10/10 levels left

rFire   x . .        G - +4 hand axe (freeze)
rCold   . . .        c - +1 buckler
rNeg    + . .        b - +0 scale mail
rPois   .            F - +0 helmet
rElec   .            q - +0 cloak
rCorr   .            j - +0 pair of gloves
SInv    +            f - +0 pair of boots
Will    .....        g - amulet of Lipij {Reflect rF- Str+4 SH+5 SInv} Stlth
                     m - ring of positive energy
HPRegen 0.34/turn    z - +6 ring of strength
MPRegen 0.12/turn

%: reflection
@: brilliant, about to teleport, attractive
A: repulsion field 1, (demonic guardian 1), demonic magic 2, weakness stinger 1
a: Renounce Religion, Heroism, Finesse, Duel


You were on level 1 of the Lair of Beasts.
You worshipped Okawaru.
Okawaru was extremely pleased with you.
You visited 3 branches of the dungeon, and saw 13 of its levels.

You collected 810 gold pieces.
You spent 29 gold pieces at shops.

Inventory:

Hand Weapons
 u - a +4 spear
 v - a +2 spear of flaming
 G - a +4 hand axe of freezing (weapon)
Missiles
 l - 3 throwing nets
Armour
 b - a +0 scale mail (worn)
 c - a +1 buckler (worn)
 f - a +0 pair of boots (worn)
 j - a +0 pair of gloves (worn)
 q - a +0 cloak (worn)
 w - a +0 plate armour
 F - a +0 helmet (worn)
Jewellery
 g - the amulet of Lipij (around neck) {Reflect rF- Str+4 SH+5 SInv}
   (You acquired it on level 4 of the Dungeon)

   [amulet of reflection]

   Reflect:   It reflects blocked missile attacks.
   Str+4:     It affects your strength (+4).
   rF-:       It makes you vulnerable to fire.
   SInv:      It lets you see invisible.
   SH+5:      It affects your SH (+5).
 m - a ring of positive energy (left hand)
 o - an amulet of magic regeneration
 z - a +6 ring of strength (right hand)
 C - a ring of wizardry
Wands
 r - a wand of charming (9)
 y - a wand of flame (34)
 A - a wand of iceblast (22)
 B - a wand of digging (6)
 H - a wand of polymorph (8)
Scrolls
 a - a scroll of identify
 i - a scroll of revelation
 k - 3 scrolls of teleportation
 n - a scroll of fog
 p - 4 scrolls of enchant armour
 s - a scroll of poison
 t - a scroll of vulnerability
 E - a scroll of amnesia
 I - 2 scrolls of immolation
 K - a scroll of fear {unknown}
Potions
 d - a potion of might
 e - 4 potions of curing
 h - a potion of mutation
 x - 3 potions of lignification
 J - a potion of enlightenment


   Skills:
 + Level 9.0 Fighting
 * Level 7.7(9.1) Axes
 - Level 7.4(8.9) Polearms
 + Level 8.2 Armour
 + Level 8.2 Shields


You had 10 spell levels left.
You didn't know any spells.
Your spell library contained the following spells:

 Spells                   Type           Power      Damage    Failure   Level
 Cigotuvi's Dreadful Rot  Necr/Pois/Air  0%         N/A       80%         2
 Static Discharge         Conj/Air       0%         3-3/arc   80%         2
 Airstrike                Air            0%         2d(0-16)  100%        4
 Dispel Undead            Necr           0%         3d6       100%        4
 Orb of Destruction       Conj           0%         9d5       100%        7
 Summon Guardian Golem    Hex/Summ       Unusable   N/A       N/A         3
 Summon Lightning Spire   Summ/Air       Unusable   N/A       N/A         4
 Death Channel            Necr           Unusable   N/A       N/A         6
 Spellforged Servitor     Conj/Summ      Unusable   N/A       N/A         7

Dungeon Overview and Level Annotations

Branches:
Dungeon (11/15)            Temple (1/1) D:5            Lair (1/5) D:9
    Orc (0/2) D:11

Altars:
Ashenzari
Cheibriados
Dithmenos
Fedhas
Gozag
Hepliaklqana
Kikubaaqudgha
Makhleb
Nemelex Xobeh
Okawaru
Qazlal
Ru
Sif Muna
Trog
Uskayaw
Vehumet
Wu Jian
Xom
Yredelemnul

Shops:
D:8 *   D:9 :   D:11 :

Annotations:
D:2 1 runed translucent door, Crazy Yiuf
D:8 1 runed translucent door, Majang's ghost, novice GrFi
D:9 1 runed translucent door, Zlot's ghost, novice DsBe
D:10 4 runed translucent doors


Innate Abilities, Weirdness & Mutations

You are surrounded by a mild repulsion field. (EV +2)
((A weak demonic guardian rushes to your aid.))
Spells you cast may paralyse nearby enemies.
You have a small tail.


Message History

You hit the elephant but do no damage.
The elephant is heavily wounded.
The elephant tramples you.
You stumble backwards!
You hit the elephant. You freeze the elephant.
The elephant is heavily wounded.
The elephant tramples you.
You stumble backwards!
You hit the elephant. You freeze the elephant.
The elephant is severely wounded.
The elephant tramples you.
* * * LOW HITPOINT WARNING * * *
You stumble backwards!
You hit the elephant. You freeze the elephant.
The elephant is severely wounded.
The elephant misses you.
The elephant trunk-slaps you but does no damage.
You hit the elephant. You freeze the elephant.
You tail-slap the elephant, but do no damage.
The elephant is severely wounded.
You hit the elephant. You freeze the elephant.
It was a potion of brilliance.
You feel clever all of a sudden. You block the wolf's attack.
The elephant closely misses you.
You block the elephant's attack. x2; The elephant closely misses you.
The wolf barely misses you.
It was a potion of attraction.
You feel attractive to monsters. You block the elephant's attack.
The elephant closely misses you.
The elephant tramples you but does no damage.
The elephant trunk-slaps you.
* * * LOW HITPOINT WARNING * * *
The wolf bites you but does no damage. The wolf closely misses you.
The elephant is attracted toward you. The cane toad is attracted toward you.
The basilisk is attracted toward you.
As you read the scroll of teleportation, it crumbles to dust.
You feel strangely unstable. The wolf misses you. The wolf bites you!
* * * LOW HITPOINT WARNING * * *
You block the elephant's attack. The elephant trunk-slaps you.
* * * LOW HITPOINT WARNING * * *
The elephant tramples you!
You die...

#...#.....###..#### ......
#...#P....##......##
......##.........#........#
.......#....#....##......#..
......##....>....##......# .
......#.#####....####.####
......##.###......###.P####..
.................Y..........#
................@Y..........#
...............hhY..........#
................Y.Y.........#
..†..#####.###..§.F.........#
....## ##+# #......l.......#
#...# ... #....###.#####.#
#...#.... #....####§#.# .#
#....# #....#.Y....# .....+
#....#Y.....#


You could see 5 elephants, a cane toad, a basilisk and 2 wolves.

Vanquished Creatures
  Erica (D:8)
  2 two-headed ogres (D:10)
  A manticore (D:11)
  Joseph (D:8)
  A gargoyle (D:10)
  2 komodo dragons
  Prince Ribbit (D:8)
  Grinder (D:5)
  A centaur simulacrum (D:10)
  3 wyverns
  A shadow (D:9)
  12 yaks
  2 vampire mosquitoes (D:11)
  2 steam dragons
  3 acid dragons
  5 water moccasins
  2 ice beasts
  3 orc warriors
  2 sky beasts
  3 black bears
  2 wolves (Lair:1)
  7 centaurs
  2 phantoms (D:5)
  2 kobold brigands
  8 bullfrogs
  A scorpion (D:9)
  3 wights (D:8)
  5 howler monkeys
  6 orc priests
  6 hounds
  4 jellies
  Ijyb (D:5)
  A gnoll bouda (D:8)
  11 orc wizards
  3 sleepcaps
  2 iguanas (D:5)
  13 gnolls
  5 adders
  2 shadow imps (D:7)
  A white imp (D:5)
  A worm (D:2)
  A dart slug (D:1)
  54 orcs
  8 ball pythons
  3 bats
  5 endoplasms
  A giant cockroach (D:4)
  2 goblins (D:1)
  9 hobgoblins
  2 jackals (D:4)
  16 kobolds
  9 quokkas
  2 frilled lizards (D:1)
  24 rats
271 creatures vanquished.

Vanquished Creatures (collateral kills)
  An iguana (D:4)
  2 gnolls (D:3)
  2 orcs
  An endoplasm (D:2)
6 creatures vanquished.

Vanquished Creatures (others)
  An orc (D:8)
1 creature vanquished.

Grand Total: 278 creatures vanquished

Notes
Turn   | Place    | Note
-------+----------+-------------------------------------------
     0 | D:1      | BinkBink the Demonspawn Fighter began the quest for the
                  | Orb.
     0 | D:1      | Reached XP level 1. HP: 18/18 MP: 1/1
   164 | D:1      | Gained mutation: Spells you cast may paralyse adjacent
                  | enemies. [demonic ancestry]
   164 | D:1      | Reached XP level 2. HP: 24/24 MP: 2/2
   420 | D:1      | Gained mutation: A weak demonic guardian rushes to your
                  | aid. [demonic ancestry]
   420 | D:1      | Reached XP level 3. HP: 29/29 MP: 3/3
   691 | D:2      | Gained mutation: You are surrounded by a mild repulsion
                  | field. (EV +2) [demonic ancestry]
   691 | D:2      | Reached XP level 4. HP: 15/35 MP: 4/4
  1423 | D:2      | Found a runed translucent door.
  1424 | D:2      | Noticed Crazy Yiuf
  1943 | D:3      | Reached XP level 5. HP: 23/42 MP: 5/5
  2230 | D:3      | Reached skill level 4 in Fighting
  2230 | D:3      | Reached skill level 1 in Polearms
  2422 | D:4      | Reached XP level 6. HP: 14/48 MP: 6/6
  3382 | D:4      | Identified a scroll of acquirement
  3382 | D:4      | Acquired the amulet of Lipij {Reflect rF- Str+4 SH+5 SInv}
  3411 | D:5      | Entered Level 5 of the Dungeon
  3549 | D:5      | Noticed Grinder
  3579 | D:5      | Paralysed by Grinder for 3 turns
  3587 | D:5      | Killed Grinder
  3588 | D:5      | Gained mutation: You have a small tail. [demonic ancestry]
  3588 | D:5      | Reached XP level 7. HP: 40/55 MP: 7/7
  3733 | D:5      | Reached skill level 5 in Fighting
  3832 | D:5      | Found a staircase to the Ecumenical Temple.
  3847 | Temple   | Entered the Ecumenical Temple
  3867 | Temple   | Became a worshipper of Warmaster Okawaru
  3993 | D:5      | Reached XP level 8. HP: 23/62 MP: 8/8
  4249 | D:5      | Noticed Ijyb
  4254 | D:5      | Killed Ijyb
  4582 | D:6      | Reached skill level 5 in Armour
  4602 | D:6      | Reached * piety under Okawaru
  4603 | D:6      | Reached skill level 5 in Polearms
  4603 | D:6      | Reached skill level 5 in Shields
  4768 | D:6      | Reached skill level 6 in Fighting
  4952 | D:6      | Reached ** piety under Okawaru
  4978 | D:6      | Gained mutation: Spells you cast may paralyse nearby
                  | enemies. [demonic ancestry]
  4978 | D:6      | Reached XP level 9. HP: 69/69 MP: 9/9
  6121 | D:8      | Noticed Prince Ribbit
  6247 | D:8      | Noticed Joseph
  6280 | D:8      | Killed Joseph
  6600 | D:8      | Killed Prince Ribbit
  6600 | D:8      | Reached *** piety under Okawaru
  6620 | D:8      | Reached skill level 7 in Fighting
  6874 | D:8      | Found a hide-covered altar of Uskayaw.
  6875 | D:8      | Found a sparkling altar of Nemelex Xobeh.
  7189 | D:8      | Found a runed translucent door.
  7189 | D:8      | Noticed Majang's ghost (novice GrFi)
  7199 | D:8      | Found Jonkuclu's Assorted Antiques.
  7202 | D:8      | Bought a bubbling inky potion for 29 gold pieces
  7453 | D:8      | Reached XP level 10. HP: 59/79 MP: 10/10
  7550 | D:8      | Noticed Erica
  7560 | D:8      | Killed Erica
  7560 | D:8      | Reached **** piety under Okawaru
  8091 | D:9      | Reached skill level 5 in Axes
  8298 | D:9      | Found a staircase to the Lair.
  8473 | D:9      | Found Zuofohe's Tremendous Tomes.
  8550 | D:9      | Reached skill level 8 in Fighting
  9001 | D:9      | Found a runed translucent door.
  9001 | D:9      | Noticed Zlot's ghost (novice DsBe)
  9035 | D:10     | Entered Level 10 of the Dungeon
  9138 | D:10     | Noticed a two-headed ogre
  9144 | D:10     | Killed a two-headed ogre
  9144 | D:10     | Reached ***** piety under Okawaru
  9190 | D:10     | Identified the +5 ring mail "Ximan" {MP+9 Str+6 Dex-5 SInv}
  9341 | D:10     | Found a runed translucent door.
  9352 | D:10     | Found a runed translucent door.
  9390 | D:10     | Found a shimmering altar of Xom.
  9390 | D:10     | Found a shimmering altar of Xom.
  9391 | D:10     | Found a shimmering altar of Xom.
  9391 | D:10     | Found a shimmering altar of Xom.
  9391 | D:10     | Found a shimmering altar of Xom.
  9559 | D:10     | Reached XP level 11. HP: 60/87 MP: 11/11
  9845 | D:10     | Found a runed translucent door.
  9859 | D:10     | Found a runed translucent door.
  9942 | D:10     | Noticed a two-headed ogre
  9954 | D:10     | Killed a two-headed ogre
 10145 | D:10     | Noticed a swamp dragon
 11661 | D:11     | Identified the "Jypp"
 11813 | D:11     | Noticed a two-headed ogre
 12657 | D:11     | Received a gift from Okawaru
 12737 | D:11     | Found a staircase to the Orcish Mines.
 12945 | D:11     | Found Muirut's Book Shop.
 13410 | D:10     | Noticed an ice dragon
 13451 | Lair:1   | Entered Level 1 of the Lair of Beasts
 13528 | Lair:1   | Reached skill level 9 in Fighting
 13564 | Lair:1   | Slain by an elephant

Illustrated notes

Levels and vault maps discovered:
D:1:      lemuel_arrival_hallway, layout_basic, minmay_split_cup_large
D:2:      layout_rooms, serial_rivers, chequers_serial_rivers_micro_c,
          chequers_serial_rivers_small_3, chequers_serial_rivers_micro_d,
          chequers_serial_rivers_micro_b, chequers_serial_rivers_micro_c,
          chequers_serial_rivers_large_b, minmay_rat_hole,
          uniq_crazy_yiuf_cottage
D:3:      cheibrodos_thug_alley, layout_basic
D:4:      layout_basic
D:5:      layout_gridville, minmay_temple_entry_butterflies, uniq_grinder,
          uniq_ijyb
D:6:      layout_basic
D:7:      layout_rooms, mrwooster_statue_mirror, dreamdust_mushroom_princess,
          chequers_serial_rivers_large_a, st_stairs_12
D:8:      layout_gridville, minitemple, gammafunk_ghost_grave, serial_shops,
          kennysheep_mini, uniq_prince_ribbit1, uniq_joseph, uniq_erica
D:9:      layout_roguey, due_lair_maze_entry_diamond, gammafunk_ghost_grave,
          nicolae_shop_i_like_big_books
D:10:     layout_gridville, xom_shifter_show, hangedman_abyss_or_decor_passed,
          minmay_statue_crystal_thing
D:11:     layout_loops_ring, hiddenorc2_lemuel, serial_shops, shop
Temple:   regret_index_temple_mists
Lair:1:   layout_regular_city, infiniplex_staircase_pool

Skill      XL: |  1  2  3  4  5  6  7  8  9 10 11 |
---------------+----------------------------------+-----
Axes           | 2 3 6 7 |  7.7
Armour         | 3 4 5 6 7 8 |  8.2
Shields        | 3 4 5 6 7 8 |  8.2
Fighting       | 4 5 6 7 8 9 |  9.0
Polearms       | 1 3 4 6 7 |  7.4

Action                     |  1- 3 |  4- 6 |  7- 9 | 10-12 || total
---------------------------+-------+-------+-------+-------++-------
  Melee: War axe           |    93 |    85 |       |       ||   178
         Spear             |       |   144 |   363 |       ||   507
         Tailslap          |       |       |    51 |    60 ||   111
         Hand axe          |       |       |    48 |   372 ||   420
    Use: Scroll            |       |    12 |     2 |     5 ||    19
         Potion            |       |       |     2 |     7 ||     9
 Armour: Scale mail        |    57 |   128 |   138 |   225 ||   548
  Dodge: Dodged            |    43 |    96 |   100 |   172 ||   411
  Block: Buckler           |    21 |    62 |   161 |   244 ||   488
         Reflection        |       |       |     8 |    20 ||    28

Table legend: (Time is in decaauts)
 A = Elapsed time spent in this place.
 B = Non-inter-level travel time spent in this place.
 C = Inter-level travel time spent in this place.
 D = Time resting spent in this place.
 E = Time spent auto-exploring this place.
 F = Levels seen in this place.
 G = Mean time per level.
                   A        B        C        D        E       F      G
               +--------+--------+--------+--------+--------+-----+--------+
         Total |  13610 |  13050 |    560 |   3413 |   7636 |  13 | 1046.9 |
       Dungeon |  13451 |  12941 |    510 |   3413 |   7581 |  11 | 1222.8 |
        Temple |     51 |      2 |     49 |      0 |      0 |   1 |   51.0 |
          Lair |    107 |    107 |      0 |      0 |     55 |   1 |  107.0 |
               +--------+--------+--------+--------+--------+-----+--------+

Top non-repeatable levels by time:
    D:10: 3926 daAuts
     D:8: 1550 daAuts
     D:5: 1110 daAuts
     D:9: 1083 daAuts
     D:4: 1067 daAuts
     D:2: 1027 daAuts
     D:7: 936 daAuts
     D:6: 879 daAuts
     D:3: 764 daAuts
     D:1: 659 daAuts
    D:11: 444 daAuts
  Lair:1: 107 daAuts
  Temple: 51 daAuts
